 Dungeon Crawl Stone Soup version 0.27-a0-1149-g4505690ab0 (webtiles) character file.

Game seed: 37519580696050746

19711 st0uf the Geomancer (level 12, -4/67 HPs)
             Began as a Gargoyle Earth Elementalist on May 13, 2021.
             Was a High Priest of Okawaru.
             Slain by a dire elephant simulacrum (11 damage)
             ... on level 2 of the Lair of Beasts.
             The game lasted 01:55:13 (19560 turns).

st0uf the Geomancer (Gargoyle Earth Elementalist)  Turns: 19560, Time: 01:55:13

Health: -4/67      AC: 19    Str: 14    XL:     12   Next: 71%
Magic:  11/26      EV: 11    Int: 25    God:    Okawaru [*****.]
Gold:   774        SH:  0    Dex: 10    Spells: 13/31 levels left

rFire    . . .     SeeInvis .   Q - staff of conjuration
rCold    . . .     Faith    .   (no shield)
rNeg     + . .     Spirit   .   H - +0 steam dragon scales
rPois    ∞         Reflect  .   (no helmet)
rElec    +         Harm     .   a - +2 cloak {Will+}
rCorr    .         Rampage  .   (no gloves)
Will     +....                  m - +0 pair of boots
Stlth    ++........             q - amulet of the acrobat
HPRegen  0.21/turn              c - +6 ring of intelligence
MPRegen  0.20/turn              f - ring of wizardry

@: about to teleport
A: sickness immunity, AC +8, negative energy resistance 1, electricity
resistance, torment resistance 1, petrification resistance
a: Renounce Religion, Heroism, Finesse


You were on level 2 of the Lair of Beasts.
You worshipped Okawaru.
Okawaru was extremely pleased with you.
You visited 3 branches of the dungeon, and saw 14 of its levels.
You also visited: Ice Cave.

You collected 1124 gold pieces.
You spent 350 gold pieces at shops.

Inventory:

Hand Weapons
 N - a +0 broad axe of flaming
 O - a +0 mace of holy wrath
Missiles
 b - 204 stones
 j - 8 curare-tipped darts
 u - 3 throwing nets
Armour
 a - a +2 cloak of willpower (worn)
 m - a +0 pair of boots (worn)
 H - +0 steam dragon scales (worn)
 L - a +2 kite shield of reflection
Magical Staves
 Q - a staff of conjuration (weapon)
Jewellery
 c - a +6 ring of intelligence (left hand)
 f - a ring of wizardry (right hand)
 i - a ring of protection from cold
 q - an amulet of the acrobat (around neck)
 G - a +4 ring of protection
 J - a ring of flight
Wands
 z - a wand of iceblast (20)
 F - a wand of acid (27)
 M - a wand of flame (19)
 W - a wand of paralysis (7)
 X - a wand of mindburst (12)
 Y - a wand of polymorph (17)
Scrolls
 d - a scroll of torment {unknown}
 e - a scroll of fear {unknown}
 g - 2 scrolls of magic mapping {unknown}
 n - 5 scrolls of teleportation
 r - 6 scrolls of amnesia {unknown}
 x - 3 scrolls of enchant armour {unknown}
 A - 3 scrolls of blinking {unknown}
 B - 4 scrolls of holy word {unknown}
 C - 3 scrolls of enchant weapon {unknown}
 E - 2 scrolls of summoning {unknown}
 I - 4 scrolls of noise {unknown}
 P - 2 scrolls of vulnerability {unknown}
 V - a scroll of fog {unknown}
 Z - a scroll of immolation {unknown}
Potions
 h - 2 potions of might
 k - 4 potions of brilliance
 p - 5 potions of curing
 s - 7 potions of heal wounds
 t - 3 potions of haste
 w - 3 potions of lignification
 R - 3 potions of magic
 S - a potion of berserk rage
 T - a potion of mutation
 U - 4 potions of resistance


   Skills:
 + Level 4.5 Fighting
 + Level 2.1 Staves
 + Level 5.6 Armour
 - Level 1.5 Dodging
 + Level 4.3 Stealth
 * Level 9.3 Shields
 + Level 10.2 Spellcasting
 + Level 6.7 Conjurations
 + Level 0.6 Translocations
 * Level 4.8 Transmutations
 + Level 12.4 Earth Magic


You had 13 spell levels left.
You knew the following spells:

 Your Spells              Type           Power      Damage    Failure   Level
a - Sandblast             Erth           100%       2d20      1%          1
b - Passwall              Tmut/Erth      45%        N/A       1%          2
c - Stone Arrow           Conj/Erth      100%       3d13      1%          3
d - Lee's Rapid Deconstr  Erth           33%        3d18*     1%          5
e - Petrify               Tmut/Erth      54%        N/A       1%          4
f - Foxfire               Conj/Fire      100%       2x1d9     1%          1
g - Magic Dart            Conj           100%       1d8       1%          1
h - Apportation           Tloc           32%        N/A       1%          1

Your spell library contained the following spells:

 Spells                   Type           Power      Damage    Failure   Level
 Animate Skeleton         Necr           24%        N/A       1%          1
 Corona                   Hex            13%        N/A       1%          1
 Freeze                   Ice            48%        1d7       1%          1
 Sting                    Tmut/Pois      96%        1d7       1%          1
 Summon Small Mammal      Summ           48%        N/A       1%          1
 Searing Ray              Conj           100%       3d7       1%          2
 Conjure Flame            Conj/Fire      44%        6-21      1%          3
 Dazzling Flash           Conj/Hex       88%        N/A       1%          3
 Mephitic Cloud           Conj/Pois/Air  36%        N/A       2%          3
 Corpse Rot               Necr/Air       N/A        N/A       3%          2
 Ensorcelled Hibernation  Hex/Ice        24%        N/A       3%          2
 Poisonous Vapours        Pois/Air       24%        N/A       3%          2
 Ignite Poison            Fire/Tmut/Pois 20%        N/A       3%          3
 Fulminant Prism          Conj/Hex       22%        3d13      4%          4
 Iskenderun's Mystic Bla  Conj/Tloc      47%        2d10      4%          4
 Sticky Flame             Conj/Fire      44%        2d6       4%          4
 Confusing Touch          Hex            12%        N/A       6%          3
 Inner Flame              Hex/Fire       12%        N/A       6%          3
 Tukima's Dance           Hex            12%        N/A       6%          3
 Ice Form                 Ice/Tmut       24%        N/A       8%          4
 Fireball                 Conj/Fire      22%        3d10      13%         5
 Animate Dead             Necr           6%         N/A       19%         4
 Olgreb's Toxic Radiance  Pois           12%        N/A       19%         4
 Ozocubu's Refrigeration  Ice            6%         4d6       100%        7


Dungeon Overview and Level Annotations

Branches:
Dungeon (11/15)            Temple (1/1) D:4            Lair (2/6) D:11
 Shoals (0/4) Lair:2          Orc (0/2) D:11          IceCv (visited)
  Snake: Lair:2-4    Spider: Lair:2-4

Altars:
Ashenzari
Cheibriados
Dithmenos
Elyvilon
Fedhas
Gozag
Hepliaklqana
Kikubaaqudgha
Makhleb
Nemelex Xobeh
Okawaru
Qazlal
Ru
Sif Muna
Trog
Uskayaw
Vehumet
Wu Jian
Xom
Yredelemnul
Zin
The Shining One
Beogh

Shops:
D:1 =   D:8 (*?

Annotations:
D:6 1 runed translucent door, Crazy Yiuf
D:9 1 runed translucent door, Cralpanu's ghost, novice FoFi
Lair:2 1 transporter


Innate Abilities, Weirdness & Mutations

You are immune to sickness and miasma.
Your stone body is resilient. (AC +8)
You are immune to poison.
You resist negative energy. (rN+)
You are resistant to electric shocks. (rElec)
You are resistant to unholy torment.
You are immune to petrification.


Message History

Aiming: Lee's Rapid Deconstruction (dangerous; 1% risk of failure)
Press: ? - help, Dir - move target, f - black mamba simulacrum Fragment what (e.g. wall or brittle monster)?: a black mamba simulacrum (freezing vapour)
An open gate.
The black mamba simulacrum shatters!!
The black mamba simulacrum vapourises!
Okawaru accepts your kill.
The icy blast hits the dire elephant simulacrum!
The dire elephant simulacrum partially resists.
The dire elephant simulacrum is moderately damaged.
The icy blast hits the rime drake simulacrum!!
The rime drake simulacrum partially resists.
The rime drake simulacrum vapourises!
Okawaru accepts your kill.
Casting: Lee's Rapid Deconstruction (dangerous; 1% risk of failure)
Confirm with . or Enter, or press ? or * to list all spells.
Aiming: Lee's Rapid Deconstruction (dangerous; 1% risk of failure)
Press: ? - help, Dir - move target, f - eight-headed hydra simulacrum Fragment what (e.g. wall or brittle monster)?: an eight-headed hydra simulacrum (freezing vapour)
The eight-headed hydra simulacrum shatters!!
The eight-headed hydra simulacrum is severely damaged.
Unknown command.
Casting: Lee's Rapid Deconstruction (dangerous; 1% risk of failure)
Confirm with . or Enter, or press ? or * to list all spells.
Aiming: Lee's Rapid Deconstruction (dangerous; 1% risk of failure)
Press: ? - help, Dir - move target, f/p - eight-headed hydra simulacrum Fragment what (e.g. wall or brittle monster)?: an eight-headed hydra simulacrum (severely damaged)
The eight-headed hydra simulacrum shatters!!
The eight-headed hydra simulacrum vapourises!
Okawaru accepts your kill.
The dire elephant simulacrum tramples you!!
The dire elephant simulacrum freezes you!!!
Ouch! That really hurt!
* * * LOW HITPOINT WARNING * * *
The dire elephant simulacrum barely misses you.
As you read the scroll of teleportation, it crumbles to dust.
You feel strangely unstable.
The dire elephant simulacrum barely misses you. x2
The dire elephant simulacrum tramples you!
You die...

#..P## #○°°!©[○°.# ####
##...## #○○°))[°☼.#
#..#.# #☼○☼☼°☼☼☼°#
#...### #○☼○☼○○☼○°#
#.....#####○°.○○°○○.#
##.......#####○°○####
#P........##☼○...○○#
##........##○°#Z#○°#
##.........#○○Z@.°○#
##.[........#☼☼#©#○○#
#...........#°○☼°☼○°#
#...........#°°○○○○○#
#...........#########
##...........##.©..# ###
#............#.....# #.#
#............###...####
#####.
##..........##........###
#.##..


You could see 2 dire elephant simulacra.

Vanquished Creatures
  2 hydras
  An alligator (shapeshifter) (D:8)
  2 two-headed ogres
  An ugly thing (IceCv)
  3 oklob plants (Lair:1)
  A black mamba (Lair:1)
  5 cane toads
  An unseen horror (D:10)
  Maggie (D:8)
  A komodo dragon (Lair:2)
  A troll (D:10)
  3 blink frogs (Lair:2)
  4 dream sheep (Lair:2)
  A water elemental (D:11)
  2 vampires
  A wraith (D:10)
  14 yaks
  A steam dragon (D:7)
  Menkaure (D:5)
  A hydra simulacrum (Lair:2)
  8 water moccasins
  3 acid dragons
  10 orc warriors
  2 sky beasts
  8 ice beasts
  A black mamba simulacrum (Lair:2)
  6 ogres
  3 centaurs
  A wolf (Lair:1)
  4 phantoms
  A kobold brigand (D:9)
  Blork the orc (D:6)
  6 bullfrogs
  5 gnoll sergeants
  A scorpion (D:6)
  A water moccasin zombie (D:6)
  2 water moccasin skeletons
  7 wights
  A rime drake simulacrum (Lair:2)
  6 electric eels (D:11)
  3 howler monkeys
  3 bullfrog zombies (D:6)
  4 centaur zombies
  2 jellies (D:7)
  5 orc priests
  4 hounds
  An iguana (D:6)
  2 bullfrog skeletons
  8 orc wizards
  3 killer bee zombies
  A hound skeleton (D:4)
  3 howler monkey zombies
  19 gnolls
  9 adders
  A shadow imp (D:6)
  2 white imps (D:8)
  An ufetubus (D:4)
  An adder skeleton (D:5)
  A worm (D:3)
  3 dart slugs
  53 orcs
  4 bats
  9 endoplasms
  A giant cockroach (D:1)
  6 goblins
  7 hobgoblins
  3 jackals (D:4)
  3 quokkas
  A ball python (D:4)
  4 frilled lizards
  15 kobolds
  A rat (D:1)
  A spectral goblin (D:11)
308 creatures vanquished.

Vanquished Creatures (others)
  12 foxfires (Lair:1)
  3 fungi (Lair:2)
  8 plants
23 creatures vanquished.

Grand Total: 331 creatures vanquished

Notes
Turn   | Place    | Note
-------+----------+-------------------------------------------
     0 | D:1      | st0uf the Gargoyle Earth Elementalist began the quest for
                  | the Orb.
     0 | D:1      | Reached XP level 1. HP: 10/10 MP: 3/3
    74 | D:1      | Reached skill level 4 in Earth Magic
   138 | D:1      | Reached XP level 2. HP: 12/15 MP: 3/5
   479 | D:1      | Found Lievycw's Jewellery Emporium.
   709 | D:1      | Reached XP level 3. HP: 20/20 MP: 1/6
  1349 | D:2      | Learned a level 2 spell: Passwall
  1794 | D:2      | Reached XP level 4. HP: 21/24 MP: 7/7
  1849 | D:2      | Reached skill level 5 in Earth Magic
  2344 | D:2      | Reached skill level 1 in Armour
  2362 | D:2      | Reached skill level 1 in Fighting
  2837 | D:3      | Found a faded altar of an unknown god.
  3186 | D:3      | Reached XP level 5. HP: 11/29 MP: 8/8
  4135 | D:4      | Found a staircase to the Ecumenical Temple.
  4146 | Temple   | Entered the Ecumenical Temple
  4218 | D:4      | Noticed an acid dragon
  4594 | D:4      | Reached XP level 6. HP: 19/35 MP: 7/10
  4892 | D:4      | Reached skill level 1 in Shields
  5203 | D:5      | Entered Level 5 of the Dungeon
  5204 | D:5      | Noticed an ice beast
  5229 | D:5      | Killed an ice beast
  5230 | D:5      | Reached skill level 6 in Earth Magic
  5230 | D:5      | Reached XP level 7. HP: 20/40 MP: 1/12
  5611 | D:5      | Reached skill level 7 in Earth Magic
  5828 | D:5      | Reached XP level 8. HP: 22/45 MP: 9/14
  6002 | D:5      | Noticed Menkaure
  6006 | D:5      | Killed Menkaure
  6215 | D:5      | Found an ornate altar of the Wu Jian Council.
  6775 | D:6      | Found a basalt altar of Yredelemnul.
  6787 | D:6      | Reached skill level 5 in Armour
  7110 | D:6      | Found a runed translucent door.
  7111 | D:6      | Noticed Crazy Yiuf
  7347 | D:6      | Noticed Blork the orc
  7363 | D:6      | Reached skill level 5 in Spellcasting
  7363 | D:6      | Reached skill level 8 in Earth Magic
  7376 | D:6      | Noticed a two-headed ogre
  7395 | D:6      | Killed Blork the orc
  7401 | D:6      | Reached XP level 9. HP: 41/51 MP: 7/16
  7604 | D:6      | Reached skill level 5 in Shields
  8586 | D:7      | Learned a level 3 spell: Stone Arrow
  8597 | D:7      | Learned a level 5 spell: Lee's Rapid Deconstruction
  8606 | D:7      | Found a white marble altar of Elyvilon.
  8707 | D:7      | Reached skill level 1 in Conjurations
  9084 | D:7      | Found a radiant altar of Vehumet.
  9089 | D:7      | Found a broken altar of Ashenzari.
  9092 | D:7      | Found a hide-covered altar of Uskayaw.
  9093 | D:7      | Found a burning altar of Makhleb.
  9094 | D:7      | Found an iron altar of Okawaru.
  9095 | D:7      | Found a bloodstained altar of Trog.
  9103 | D:7      | Became a worshipper of Warmaster Okawaru
  9217 | D:7      | Reached skill level 9 in Earth Magic
  9384 | D:8      | Found Hoolan's Assorted Antiques.
  9392 | D:8      | Bought a scroll labelled BAGGUU GIHYLUN for 23 gold pieces
  9392 | D:8      | Bought a scroll labelled UWOTRU VOICKANUL for 23 gold
                  | pieces
  9392 | D:8      | Bought 3 scrolls labelled BAGGUU GIHYLUN for 69 gold pieces
  9392 | D:8      | Bought a glowing kite shield for 172 gold pieces
  9392 | D:8      | Bought a cyan potion for 20 gold pieces
  9392 | D:8      | Bought a scroll labelled ARAIBRAI ONYR for 23 gold pieces
  9392 | D:8      | Bought a green potion for 20 gold pieces
  9428 | D:8      | Found Jiasam's Weapon Boutique.
  9462 | D:8      | Found a hazy altar of Hepliaklqana.
  9462 | D:8      | Found an ancient bone altar of Kikubaaqudgha.
  9467 | D:8      | Found a faded altar of an unknown god.
  9468 | D:8      | Noticed Maggie
  9473 | D:8      | Killed Maggie
  9474 | D:8      | Reached XP level 10. HP: 56/56 MP: 3/20
  9475 | D:8      | Found an opulent altar of Gozag.
  9478 | D:8      | Found a blossoming altar of Fedhas.
  9615 | D:8      | Reached * piety under Okawaru
  9963 | D:8      | Found Gounelep's Magic Scroll Shoppe.
  9976 | D:8      | Noticed a swamp dragon
 10329 | D:8      | Noticed an alligator
 10341 | D:8      | Killed an alligator
 10341 | D:8      | Reached ** piety under Okawaru
 10418 | D:8      | Reached skill level 5 in Conjurations
 10516 | D:8      | Learned a level 4 spell: Petrify
 10530 | D:8      | Reached skill level 1 in Transmutations
 11182 | D:9      | Reached skill level 10 in Earth Magic
 11235 | D:9      | Noticed a two-headed ogre
 11276 | D:9      | Killed a two-headed ogre
 11419 | D:9      | Reached *** piety under Okawaru
 11858 | D:9      | Found a runed translucent door.
 11858 | D:9      | Noticed Cralpanu's ghost (novice FoFi)
 12133 | D:10     | Entered Level 10 of the Dungeon
 12372 | D:10     | Reached XP level 11. HP: 61/61 MP: 8/22
 13014 | D:10     | Reached **** piety under Okawaru
 13015 | D:10     | Reached skill level 1 in Staves
 13880 | D:11     | Found a staircase to the Orcish Mines.
 13921 | D:11     | Noticed a two-headed ogre
 13925 | D:11     | Killed a two-headed ogre
 13925 | D:11     | Reached ***** piety under Okawaru
 13926 | D:11     | Reached skill level 11 in Earth Magic
 13999 | D:11     | Found a frozen archway.
 14006 | IceCv    | Entered an ice cave
 14006 | IceCv    | Noticed a white ugly thing
 14013 | IceCv    | Found a transporter.
 14027 | IceCv    | Killed a white ugly thing
 14173 | IceCv    | Noticed a white ugly thing
 14174 | IceCv    | Found a transporter.
 14195 | IceCv    | Identified the Grimoire of Sinister Snow
 14205 | IceCv    | HP: 2/61 [ice statue] (11)]
 14565 | D:11     | Found a staircase to the Lair.
 14878 | D:11     | Found a hazy altar of Hepliaklqana.
 15458 | Lair:1   | Entered Level 1 of the Lair of Beasts
 15709 | Lair:1   | Reached XP level 12. HP: 66/66 MP: 17/25
 16529 | Lair:1   | Noticed a six-headed hydra
 16535 | Lair:1   | Killed a six-headed hydra
 16535 | Lair:1   | Received a gift from Okawaru
 17189 | Lair:1   | Learned a level 1 spell: Foxfire
 17191 | Lair:1   | Learned a level 1 spell: Magic Dart
 17193 | Lair:1   | Learned a level 1 spell: Apportation
 18261 | Lair:2   | Found a staircase to the Shoals.
 18442 | Lair:2   | Reached skill level 12 in Earth Magic
 18445 | Lair:2   | Noticed a seven-headed hydra
 18535 | Lair:2   | Killed a seven-headed hydra
 18546 | Lair:2   | Reached skill level 10 in Spellcasting
 18751 | Lair:2   | Found a transporter.
 18837 | Lair:2   | Found a transporter.
 19560 | Lair:2   | Slain by a dire elephant simulacrum

Illustrated notes

Levels and vault maps discovered:
D:1:      scummos_arrival_hexagon, layout_loops_ring, serial_shops,
          nicolae_shop_stone, hex_medium
D:2:      layout_basic, chequers_hall_statues_wall_a, minmay_close_crescents
D:3:      layout_loops_ring, chequers_ecumenical_altar_simple_redux
D:4:      layout_rooms, minmay_temple_entry_statues_fountains
D:5:      layout_basic, kennysheep_mini, uniq_menkaure
D:6:      minmay_clustersquares, layout_gridville,
          nicolae_yredelemnul_corpse_copse, kennysheep_generic_room_12,
          uniq_crazy_yiuf_cottage, uniq_blork_the_orc
D:7:      layout_cave_pools, minitemple, nicolae_overflow_hidden_temple,
          kennysheep_small_circle
D:8:      layout_loops_cross, chequers_temple_overflow_minitemple, special_room
          [special_room_orc], serial_shops, nicolae_shop_statue_plus, shop,
          nicolae_shop_trees, uniq_maggie
D:9:      layout_rooms, gammafunk_ghost_grave, sword_in_stone
D:10:     layout_basic, minmay_fractal_squares_5
D:11:     layout_basic, lair_entry_dummy, orc_0_dummy,
          portal_ice_cave_entry_pillars_1,
          nicolae_hepliaklqana_monster_ancestors
Temple:   chequers_temple_sunken
Lair:1:   layout_gridlike, grunt_megastairs_2, minmay_lair_oklob_chamber,
          lemuel_fruit_tree
Lair:2:   gammafunk_cloud_chamber, layout_cave_pods, elwin_shoals_entry_rocks,
          chequers_serial_rivers_micro_e, lemuel_fruit_fields

Skill      XL: |  1  2  3  4  5  6  7  8  9 10 11 12 |
---------------+-------------------------------------+-----
Earth Magic    | 4 5 6 7 8 9 10 11 12 | 12.4
Armour         | 1 3 4 5 |  5.6
Fighting       | 1 2 3 4 |  4.5
Spellcasting   | 3 4 5 6 7 9 10 | 10.2
Shields        | 1 2 4 6 7 8 9 |  9.3
Stealth        | 3 4 |  4.3
Conjurations   | 3 5 6 |  6.7
Transmutations | 2 4 |  4.8
Staves         | 1 2 |  2.1
Dodging        | |  1.5
Translocations | |  0.6

Action                   |  1- 3 |  4- 6 |  7- 9 | 10-12 || total
-------------------------+-------+-------+-------+-------++-------
Melee: Unarmed           |   128 |   195 |       |       ||   323
       Whip              |       |   137 |    42 |       ||   179
       Mace              |       |       |   196 |   117 ||   313
       Staff             |       |       |       |    80 ||    80
 Cast: Sandblast         |    29 |    33 |    97 |    85 ||   244
       Stone Arrow       |       |       |    23 |   187 ||   210
       Petrify           |       |       |       |    13 ||    13
       Lee's Rapid Decon |       |       |       |    45 ||    45
       Foxfire           |       |       |       |     6 ||     6
       Magic Dart        |       |       |       |     3 ||     3
       Apportation       |       |       |       |     2 ||     2
  Use: Scroll            |       |       |       |    15 ||    15
 Stab: Sleeping          |     2 |     1 |       |       ||     3
Armor: Robe              |     2 |       |       |       ||     2
       Ring mail         |    55 |   207 |   170 |       ||   432
       Steam dragon scal |       |       |       |   177 ||   177
Dodge: Dodged            |    67 |   173 |   128 |   242 ||   610
Block: Kite shield       |       |    80 |   187 |       ||   267

Table legend: (Time is in decaauts)
 A = Elapsed time spent in this place.
 B = Non-inter-level travel time spent in this place.
 C = Inter-level travel time spent in this place.
 D = Time resting spent in this place.
 E = Time spent auto-exploring this place.
 F = Levels seen in this place.
 G = Mean time per level.
                   A        B        C        D        E       F      G
               +--------+--------+--------+--------+--------+-----+--------+
         Total |  19817 |  19239 |    578 |   4454 |   9635 |  15 | 1321.1 |
       Dungeon |  15443 |  14932 |    511 |   2784 |   7834 |  11 | 1403.9 |
        Temple |     69 |     54 |     15 |      0 |     34 |   1 |   69.0 |
          Lair |   4101 |   4049 |     52 |   1558 |   1767 |   2 | 2050.5 |
      Ice Cave |    203 |    203 |      0 |    112 |      0 |   1 |  203.0 |
               +--------+--------+--------+--------+--------+-----+--------+

Top non-repeatable levels by time:
  Lair:1: 2798 daAuts
     D:8: 2156 daAuts
    D:11: 1768 daAuts
     D:6: 1764 daAuts
     D:5: 1679 daAuts
     D:3: 1555 daAuts
     D:2: 1523 daAuts
  Lair:2: 1302 daAuts
     D:1: 1247 daAuts
     D:9: 1143 daAuts
     D:7: 885 daAuts
     D:4: 859 daAuts
    D:10: 859 daAuts
   IceCv: 203 daAuts
  Temple: 69 daAuts
